PCL
DISTRICT 9 PRAWNS @ HOUSTON HAMMERTIME
08/23/2030
 
TOP OF THE 1ST
District 9 Prawns batting - Pitching for Houston Hammertime : LHP Martin White
Pitching: LHP Martin White
Batting: LHB Al Bartlett 0-0: Ball
1-0: Foul Ball, location: 2F
1-1: Ball
2-1: Called Strike
2-2: Ground out U3 (Groundball, 34)
Batting: SHB David Boyle 0-0: Called Strike
0-1: Ball
1-1: Foul Ball, location: 2F
1-2: Foul Ball, location: 2F
1-2: Ball
2-2: Ground out 6-3 (Groundball, 6S)
Batting: LHB Terry Simpson 0-0: Fly out, F9 (Flyball, 9)
Top of the 1st over - 0 runs, 0 hits, 0 errors, 0 left on base; District 9 0 - Houston 0
BOTTOM OF THE 1ST
Houston Hammertime batting - Pitching for District 9 Prawns : RHP Isaac Pope
Pitching: RHP Isaac Pope
Batting: RHB Juan Carlos 0-0: Ball
1-0: Called Strike
1-1: Ball
2-1: SINGLE (Groundball, 6MD)
Batting: RHB Ron Elazar 0-0: Ball
1-0: Called Strike
1-1: Ball
2-1: Ball
3-1: Grounds into double play, 6-4-3 (Groundball, 6)
Batting: LHB Francisco Cardenas 0-0: Called Strike
0-1: SINGLE (Groundball, 4MD)
Batting: LHB Marcos Cantú 0-0: Foul Ball, location: 2F
0-1: SINGLE (Groundball, 4D)
Francisco Cardenas to second
Runner from 2nd tries for 3rd, SAFE, no throw
Batting: LHB Dave Gordon 0-0: Foul Ball, location: 2F
0-1: Swinging Strike
0-2: Ball
1-2: Foul Ball, location: 2F
1-2: Fly out, F7 (Flyball, 78M)
Bottom of the 1st over - 0 runs, 3 hits, 0 errors, 2 left on base; District 9 0 - Houston 0
TOP OF THE 2ND
District 9 Prawns batting - Pitching for Houston Hammertime : LHP Martin White
Batting: RHB José Colón 0-0: Called Strike
0-1: Called Strike
0-2: SINGLE (Groundball, 34D)
Batting: SHB Chris Barrett 0-0: Ball
1-0: Fly out, F9 (Flyball, 89D)
Batting: RHB Jimmy King 0-0: Called Strike
0-1: Ball
1-1: Foul Ball, location: 2F
1-2: Ball
2-2: Ball
3-2: SINGLE (Line Drive, 9LS)
José Colón to second
Batting: LHB Manuel Cardenas 0-0: Called Strike
0-1: Ball
1-1: Grounds into double play, 6-4-3 (Groundball, 6)
Top of the 2nd over - 0 runs, 2 hits, 0 errors, 1 left on base; District 9 0 - Houston 0
BOTTOM OF THE 2ND
Houston Hammertime batting - Pitching for District 9 Prawns : RHP Isaac Pope
Batting: RHB Jorge Barbosa 0-0: Ball
1-0: Ground out 6-3 (Groundball, 6)
Batting: LHB Jorge Martínez 0-0: Foul Ball, location: 2F
0-1: SINGLE (Flyball, 8LS)
Batting: LHB António Camacho 0-0: Foul Ball, location: 2F
0-1: Ball
1-1: Called Strike
1-2: Foul Ball, location: 2F
1-2: Ball
2-2: Foul Ball, location: 2F
2-2: Strikes out swinging
Batting: LHB Enrique Valentín 0-0: SINGLE (Line Drive, 34)
Jorge Martínez to second
Runner from 2nd tries for 3rd, SAFE, no throw
Pinch Runner at 3rd José García:
Batting: RHB Juan Carlos 0-0: DOUBLE (Popup, 6D)
José García scores
Enrique Valentín to third
Runner from 3rd tries for Home, SAFE, no throw
Batting: RHB Ron Elazar 0-0: Called Strike
0-1: Ball
1-1: Foul Ball, location: 2F
1-2: Ball
2-2: Foul Ball, location: 2F
2-2: Foul Ball, location: 2F
2-2: Foul Ball, location: 2F
2-2: Ball
3-2: SINGLE (Groundball, 6MD)
Juan Carlos to third
Juan Carlos scores
Batting: LHB Francisco Cardenas 0-0: Ball
Pickoff Throw to First - Out!
Bottom of the 2nd over - 3 runs, 4 hits, 0 errors, 0 left on base; District 9 0 - Houston 3
TOP OF THE 3RD
District 9 Prawns batting - Pitching for Houston Hammertime : LHP Martin White
Now at 2B: José García
Batting: LHB António Romo 0-0: Fly out, F8 (Flyball, 8RM)
Batting: RHB Bernardo Corona 0-0: Swinging Strike
0-1: Ball
1-1: Ball
2-1: Ball
3-1: Called Strike
3-2: Foul Ball, location: 2F
3-2: Foul Ball, location: 2F
3-2: DOUBLE (Line Drive, 7D)
Batting: LHB Al Bartlett 0-0: Ball
1-0: Ball
2-0: Swinging Strike
2-1: Called Strike
2-2: Ball
3-2: SINGLE (Groundball, 34S) (infield hit)
Bernardo Corona to third
Batting: SHB David Boyle 0-0: Fly out, F6 (Line Drive, 6)
Batting: LHB Terry Simpson 0-0: Called Strike
0-1: Foul Ball, location: 2F
0-2: Ball
1-2: Ball
Al Bartlett is caught stealing 2nd base
Top of the 3rd over - 0 runs, 2 hits, 0 errors, 1 left on base; District 9 0 - Houston 3
BOTTOM OF THE 3RD
Houston Hammertime batting - Pitching for District 9 Prawns : RHP Isaac Pope
Batting: LHB Francisco Cardenas 0-0: Called Strike
0-1: Ball
1-1: Foul Ball, location: 2F
1-2: Ball
2-2: SINGLE (Groundball, 34D)
Batting: LHB Marcos Cantú 0-0: Ball
1-0: Fielders Choice at 2nd, 5-4 (Groundball, 56)
Batting: LHB Dave Gordon 0-0: Ball
Marcos Cantú steals 2nd base
1-0: Ball
2-0: Foul Ball, location: 2F
2-1: 2-RUN HOME RUN (Line Drive, 78XD), Distance : 398 ft
Batting: RHB Jorge Barbosa 0-0: Called Strike
0-1: Ball
1-1: Ball
2-1: Foul Ball, location: 2F
2-2: Foul Ball, location: 2F
2-2: Fly out, F3 (Popup, 3SF)
Batting: RHB José García 0-0: Foul Ball, location: 2F
0-1: Fly out, F7 (Flyball, 7S)
Bottom of the 3rd over - 2 runs, 2 hits, 0 errors, 0 left on base; District 9 0 - Houston 5
TOP OF THE 4TH
District 9 Prawns batting - Pitching for Houston Hammertime : LHP Martin White
Batting: LHB Terry Simpson 0-0: Ball
1-0: Ball
2-0: SINGLE (Flyball, 7LS)
Batting: RHB José Colón 0-0: Ball
1-0: Ball
2-0: Grounds into double play, 5-4-3 (Groundball, 56)
Batting: SHB Chris Barrett 0-0: Ball
1-0: Ball
2-0: Foul Ball, location: 2F
2-1: Swinging Strike
2-2: SOLO HOME RUN (Flyball, 7D), Distance : 344 ft
Batting: RHB Jimmy King 0-0: Called Strike
0-1: Called Strike
0-2: Foul Ball, location: 2F
0-2: Foul Ball, location: 2F
0-2: Ball
1-2: SINGLE (Flyball, 78M)
Batting: LHB Manuel Cardenas 0-0: Ball
1-0: Fielders Choice at 2nd, 5-4 (Groundball, 5)
Top of the 4th over - 1 run, 3 hits, 0 errors, 1 left on base; District 9 1 - Houston 5
BOTTOM OF THE 4TH
Houston Hammertime batting - Pitching for District 9 Prawns : RHP Isaac Pope
Batting: LHB António Camacho 0-0: Swinging Strike
0-1: Foul Ball, location: 2F
0-2: Ball
1-2: Foul Ball, location: 2F
1-2: Fly out, F9 (Flyball, 9LS)
Batting: LHB Enrique Valentín 0-0: Ball
1-0: Swinging Strike
1-1: Swinging Strike
1-2: Ball
2-2: Strikes out swinging
Batting: RHB Juan Carlos 0-0: Called Strike
0-1: Ball
1-1: Foul Ball, location: 2F
1-2: Strikes out swinging
Bottom of the 4th over - 0 runs, 0 hits, 0 errors, 0 left on base; District 9 1 - Houston 5
TOP OF THE 5TH
District 9 Prawns batting - Pitching for Houston Hammertime : LHP Martin White
Batting: LHB António Romo 0-0: Foul Ball, location: 2F
0-1: Ball
1-1: Swinging Strike
1-2: Ball
2-2: Ball
3-2: Ground out 4-3 (Groundball, 4S)
Batting: RHB Bernardo Corona 0-0: Called Strike
0-1: Ground out 6-3 (Groundball, 6)
Batting: LHB Al Bartlett 0-0: Ball
1-0: Ball
2-0: Ball
3-0: Fly out, F9 (Flyball, 9D)
Top of the 5th over - 0 runs, 0 hits, 0 errors, 0 left on base; District 9 1 - Houston 5
BOTTOM OF THE 5TH
Houston Hammertime batting - Pitching for District 9 Prawns : RHP Isaac Pope
Batting: RHB Ron Elazar 0-0: Ball
1-0: Ball
2-0: Fly out, F7 (Flyball, 7S)
Batting: LHB Francisco Cardenas 0-0: Ball
1-0: Hit by Pitch
Batting: LHB Marcos Cantú 0-0: Called Strike
0-1: DOUBLE (Line Drive, 8RXD)
Francisco Cardenas to third
Batting: LHB Dave Gordon 0-0: Swinging Strike
0-1: Ball
1-1: Called Strike
1-2: Foul Ball, location: 2F
1-2: Fly out, F8 (Flyball, 8LXD)
Runner from 3rd tags up, SCORES, no throw
Marcos Cantú to third
Batting: RHB Jorge Barbosa 0-0: Swinging Strike
0-1: SINGLE (Line Drive, 56)
Marcos Cantú scores
Batting: RHB José García 0-0: Ball
1-0: Called Strike
1-1: Called Strike
1-2: Foul Ball, location: 2F
1-2: Foul Ball, location: 2F
1-2: Ball
2-2: Strikes out swinging
Bottom of the 5th over - 2 runs, 2 hits, 0 errors, 1 left on base; District 9 1 - Houston 7
TOP OF THE 6TH
District 9 Prawns batting - Pitching for Houston Hammertime : LHP Martin White
Batting: SHB David Boyle 0-0: Foul Ball, location: 2F
0-1: Ball
1-1: Foul Ball, location: 2F
1-2: Foul Ball, location: 2F
1-2: Ball
2-2: Foul Ball, location: 2F
2-2: DOUBLE (Line Drive, 89M)
Batting: LHB Terry Simpson 0-0: Foul Ball, location: 2F
0-1: Ball
1-1: Ground out 5-3 (Groundball, 5)
Batting: RHB José Colón 0-0: Ball
Wild Pitch!
David Boyle to third
1-0: Swinging Strike
1-1: SINGLE (Line Drive, 56)
David Boyle scores
Batting: SHB Chris Barrett 0-0: Ball
1-0: Grounds into double play, 4-6-3 (Groundball, 4)
Top of the 6th over - 1 run, 2 hits, 0 errors, 0 left on base; District 9 2 - Houston 7
BOTTOM OF THE 6TH
Houston Hammertime batting - Pitching for District 9 Prawns : RHP Isaac Pope
Pitching: RHP Eduardo Delgado
Batting: LHB António Camacho 0-0: Ball
1-0: Ball
2-0: Ball
3-0: Base on Balls
Batting: LHB Enrique Valentín 0-0: Ball
1-0: Called Strike
1-1: Ground out 2-3 (Groundball, 15S)
António Camacho to second
Batting: RHB Juan Carlos 0-0: Called Strike
0-1: Ball
1-1: Swinging Strike
1-2: Ball
2-2: Fly out, F9 (Line Drive, 9LS)
Batting: RHB Ron Elazar 0-0: Ball
1-0: SINGLE (Line Drive, 8LS)
António Camacho to third
Runner from 3rd tries for Home, SAFE, no throw
Batting: LHB Francisco Cardenas 0-0: Ball
1-0: Called Strike
1-1: DOUBLE (Flyball, 8LXD)
Ron Elazar to third
Runner from 3rd tries for Home, SAFE, no throw
Batting: LHB Marcos Cantú 0-0: Called Strike
0-1: Foul Ball, location: 2F
0-2: Ball
1-2: Foul Ball, location: 2F
1-2: Ball
2-2: Strikes out looking
Bottom of the 6th over - 2 runs, 2 hits, 0 errors, 1 left on base; District 9 2 - Houston 9
TOP OF THE 7TH
District 9 Prawns batting - Pitching for Houston Hammertime : LHP Martin White
Batting: RHB Jimmy King 0-0: Ball
1-0: Foul Ball, location: 2F
1-1: SINGLE (Line Drive, 8LS)
Batting: LHB Manuel Cardenas 0-0: Ball
1-0: Ball
2-0: Ball
3-0: Called Strike
3-1: Base on Balls
Jimmy King to second
Pitching: RHP Rodrigo Aguilar
Batting: LHB António Romo 0-0: Foul Ball, location: 2F
0-1: Ball
1-1: Swinging Strike
1-2: SINGLE (Flyball, 89M)
Jimmy King to third
Manuel Cardenas to second
Batting: RHB Bernardo Corona 0-0: Ball
1-0: Ball
2-0: Swinging Strike
2-1: Ball
3-1: Base on Balls
Jimmy King scores
Manuel Cardenas to third
António Romo to second
Batting: LHB Al Bartlett 0-0: Fielders Choice at 2nd, 6-4 (Groundball, 6)
Manuel Cardenas scores
António Romo to third
Batting: SHB David Boyle 0-0: Called Strike
0-1: Foul Ball, location: 2F
0-2: Strikes out swinging
Batting: LHB Terry Simpson 0-0: Called Strike
0-1: Ball
1-1: Ball
2-1: Foul Ball, location: 2F
2-2: Fly out, F9 (Flyball, 9)
Top of the 7th over - 2 runs, 2 hits, 0 errors, 2 left on base; District 9 4 - Houston 9
BOTTOM OF THE 7TH
Houston Hammertime batting - Pitching for District 9 Prawns : RHP Eduardo Delgado
Batting: LHB Dave Gordon 0-0: Ball
1-0: Ball
2-0: Ball
3-0: Called Strike
3-1: Base on Balls
Batting: RHB Jorge Barbosa 0-0: Ball
1-0: Called Strike
1-1: Ball
2-1: Swinging Strike
2-2: Ball
3-2: Fly out, F3 (Popup, 3)
Batting: RHB José García 0-0: Ball
1-0: Ball
2-0: Called Strike
2-1: Foul Ball, location: 2F
2-2: Hit by Pitch
Dave Gordon to second
Batting: LHB António Camacho 0-0: Ball
1-0: Ball
2-0: Called Strike
2-1: Swinging Strike
2-2: Foul Ball, location: 2F
2-2: Ball
3-2: Base on Balls
Dave Gordon to third
José García to second
Batting: LHB Enrique Valentín 0-0: Called Strike
0-1: Foul Ball, location: 2F
0-2: Ball
1-2: Ball
2-2: Strikes out looking
Batting: RHB Juan Carlos 0-0: Ball
1-0: Fly out, F4 (Popup, 4MD)
Bottom of the 7th over - 0 runs, 0 hits, 0 errors, 3 left on base; District 9 4 - Houston 9
TOP OF THE 8TH
District 9 Prawns batting - Pitching for Houston Hammertime : RHP Rodrigo Aguilar
Batting: RHB José Colón 0-0: Swinging Strike
0-1: Ball
1-1: Ball
2-1: SINGLE (Groundball, 4MD)
Batting: SHB Chris Barrett 0-0: Called Strike
0-1: Swinging Strike
0-2: Strikes out swinging
Batting: RHB Jimmy King 0-0: Ball
1-0: Ball
2-0: Fielders Choice at 2nd, 4-6 (Groundball, 4M)
Batting: LHB Manuel Cardenas 0-0: Foul Ball, location: 2F
0-1: Foul Ball, location: 2F
0-2: Ground out 3-1 (Groundball, 34)
Top of the 8th over - 0 runs, 1 hit, 0 errors, 1 left on base; District 9 4 - Houston 9
BOTTOM OF THE 8TH
Houston Hammertime batting - Pitching for District 9 Prawns : RHP Eduardo Delgado
Batting: RHB Ron Elazar 0-0: Ball
1-0: Ball
2-0: Ball
3-0: Called Strike
3-1: Foul Ball, location: 2F
3-2: Base on Balls
Batting: LHB Francisco Cardenas 0-0: Ball
1-0: Ball
2-0: Called Strike
2-1: SINGLE (Flyball, 9S)
Ron Elazar to second
Runner from 2nd tries for 3rd, SAFE, no throw
Batting: LHB Marcos Cantú 0-0: Ball
1-0: Ball
2-0: Called Strike
2-1: Called Strike
2-2: Fly out, F7 (Flyball, 7LS)
Runner from 3rd tags up, SCORES, no throw
Batting: LHB Dave Gordon 0-0: Called Strike
0-1: DOUBLE (Flyball, 8RXD)
Francisco Cardenas to third
Batting: RHB Jorge Barbosa 0-0: Ball
1-0: Called Strike
1-1: Foul Ball, location: 2F
1-2: Ball
2-2: Ball
3-2: DOUBLE (Line Drive, 7LD)
Francisco Cardenas scores
Dave Gordon scores
Pitching: LHP Ricardo Vega
Batting: RHB José García 0-0: Swinging Strike
0-1: Reached on error, E5 (Groundball, 56S)
Jorge Barbosa to third
Batting: LHB António Camacho 0-0: Called Strike
0-1: Ball
1-1: SINGLE (Line Drive, 4D)
Jorge Barbosa scores
José García to second
Batting: LHB Enrique Valentín 0-0: Ball
1-0: Fly out, F7 (Flyball, 7)
Batting: RHB Juan Carlos 0-0: Called Strike
0-1: Called Strike
0-2: Foul Ball, location: 2F
0-2: Foul Ball, location: 2F
0-2: Foul Ball, location: 2F
0-2: Ball
1-2: Ball
2-2: Strikes out looking
Bottom of the 8th over - 4 runs, 4 hits, 1 error, 2 left on base; District 9 4 - Houston 13
TOP OF THE 9TH
District 9 Prawns batting - Pitching for Houston Hammertime : RHP Rodrigo Aguilar
Now at C: Raúl Salas
Batting: LHB António Romo 0-0: Ball
1-0: Ball
2-0: Ball
3-0: Called Strike
3-1: SINGLE (Groundball, 4D)
Batting: RHB Bernardo Corona 0-0: Ball
1-0: Called Strike
1-1: Ball
2-1: Fly out, F4 (Popup, 4S)
Batting: LHB Al Bartlett 0-0: Ball
1-0: Ball
2-0: Foul Ball, location: 2F
2-1: Foul Ball, location: 2F
2-2: SINGLE (Groundball, 4) (infield hit)
António Romo to second
Batting: SHB David Boyle 0-0: Foul Ball, location: 2F
0-1: Ball
1-1: Foul Ball, location: 2F
1-2: Ball
2-2: Ball
3-2: Fly out, F8 (Line Drive, 8RD)
Batting: LHB Terry Simpson 0-0: Swinging Strike
0-1: Foul Ball, location: 2F
0-2: Hit by Pitch
António Romo to third
Al Bartlett to second
Batting: RHB José Colón 0-0: Ball
1-0: Ball
2-0: Fielders Choice at 2nd, 5-4 (Groundball, 5)
Top of the 9th over - 0 runs, 2 hits, 0 errors, 3 left on base; District 9 4 - Houston 13
Saturday, April 7th, 2018 - OOTP Baseball 18.8 Build 76